 Dungeon Crawl Stone Soup version 0.31-a0-1074-g0b22e4e0f1 (console) character file.

Game seed: 14961697935696248167

5789 jejorda2 the Cleaver (level 10, -5/80 (82) HPs)
             Began as a Gnoll Berserker on Dec 4, 2023.
             Was an Elder of Trog.
             Slain by Erolcha
             ... wielding a +6 giant spiked club
              (24 damage)
             ... on level 9 of the Dungeon.
             The game lasted 00:18:49 (8164 turns).

jejorda2 the Cleaver (Gnoll Berserker)              Turns: 8164, Time: 00:18:50

HP:   -5/80 (82)    AC: 20    Str: 20    XL:     10   Next: 79%
MP:   18/18         EV:  8    Int:  7    God:    Trog [****..]
Gold: 345           SH:  0    Dex: 12    Spells: 20/20 levels left

rFire   + . .        a - +4 battleaxe
rCold   . . .        (shield currently unavailable)
rNeg    . . .        D - +0 plate armour
rPois   .            p - +0 helmet
rElec   .            A - +2 cloak
rCorr   .            (no gloves)
SInv    .            c - +1 pair of boots
Will    ++...        (no amulet) Stlth
                     i - ring of protection from fire
HPRegen 1.33/turn    (no ring)
MPRegen 0.16/turn

%: no passive effects
@: strong-willed, on berserk cooldown, regenerating, slowed, lightly drained,
very slow
A: fangs 1, strong nose, distributed training
a: Renounce Religion, Berserk, Trog's Hand, Brothers in Arms


You were on level 9 of the Dungeon.
You worshipped Trog.
Trog was greatly pleased with you.
You visited 1 branch of the dungeon, and saw 9 of its levels.

You collected 525 gold pieces.
You spent 180 gold pieces at shops.

Inventory:

Hand Weapons
 a - a +4 battleaxe (weapon)
 b - a +2 morningstar of freezing
 t - a +2 war axe of freezing
Missiles
 j - 40 poisoned darts (quivered)
 u - 7 curare-tipped darts
Armour
 c - a +1 pair of boots (worn)
 l - a +1 ring mail of cold resistance
 p - a +0 helmet (worn)
 A - a +2 cloak (worn)
 D - a +0 plate armour (worn)
Jewellery
 i - a ring of protection from fire (left hand)
Wands
 h - a wand of flame (28)
 m - a wand of paralysis (8)
Scrolls
 e - 3 scrolls of teleportation
 f - a scroll of revelation
 k - 2 scrolls of immolation
 w - 2 scrolls of poison
Potions
 g - a potion of might
 n - 3 potions of ambrosia
 o - 3 potions of resistance
 q - a potion of berserk rage {unknown}
 r - a potion of magic {unknown}
 s - 2 potions of haste {unknown}
 v - a potion of attraction {unknown}
 x - 6 potions of curing
 B - 2 potions of cancellation
 C - 3 potions of mutation


   Skills:
 + Level 8.8 Fighting
 + Level 5.7 Short Blades
 + Level 5.7 Long Blades
 + Level 8.8 Axes
 + Level 5.7 Maces & Flails
 + Level 5.7 Polearms
 + Level 5.7 Staves
 + Level 5.7 Ranged Weapons
 + Level 5.7 Throwing
 + Level 7.4 Armour
 + Level 7.4 Dodging
 + Level 5.7 Stealth
 + Level 5.7 Shields
 + Level 5.7 Unarmed Combat
 + Level 5.7 Spellcasting
 + Level 4.7 Conjurations
 + Level 4.7 Hexes
 + Level 4.7 Summonings
 + Level 4.7 Necromancy
 + Level 4.7 Translocations
 + Level 4.7 Transmutations
 + Level 4.7 Fire Magic
 + Level 4.7 Ice Magic
 + Level 4.7 Air Magic
 + Level 4.7 Earth Magic
 + Level 4.7 Poison Magic
 + Level 6.2 Invocations
 + Level 5.7 Evocations
 + Level 5.2 Shapeshifting


You had 20 spell levels left.
You didn't know any spells.
Your spell library was empty.

Dungeon Overview and Level Annotations

Branches:
Dungeon (9/15)             Temple (0/1) D:6             Orc (0/2) D:9
   Lair: D:8-11

Altars:
Cheibriados
Gozag
Nemelex Xobeh
Okawaru
Sif Muna
Vehumet
Xom
Zin

Shops:
D:7 !

Annotations:
D:9 Erolcha


Innate Abilities, Weirdness & Mutations

You have very sharp teeth.
Your uncanny sense of smell can sniff out nearby items.
Your experience applies equally to all skills.


Message History

You kill the gnoll!
Trog accepts your kill.
You closely miss the wight. You slash something! Something hits you!!
The wight barely misses you.
You barely miss the wight. You bite the wight.
You destroy the wight!
Trog accepts your kill.
You closely miss something.
You are no longer berserk.
You are exhausted.
You feel yourself slow down.
You hear some strange, mumbled words.
A fireball appears from out of thin air!
The fireball explodes!
The fireball engulfs you but does no damage.
You resist. Something hits you.
You see here a +0 flail.
You barely miss something. Something hits you!
You barely miss something.
You hear some strange, mumbled words.
Something hits you!
You feel much better. Something hits you!!
Okay, then.
Unknown command.
Unknown command.
Okay, then.
Unknown command.
Really read the scroll of poison?
You can't even see any enemies this would affect.
The air fills with toxic fumes!
As you read the scroll of poison, it crumbles to dust.
Something hits you!
* * * LOW HITPOINT WARNING * * *
Unknown command.
You hit something.
Your attacks no longer feel as feeble.
You hear some strange, mumbled words.
Something tries to affect you, but you resist.
You closely miss something. Something hits you!!
You die...

.......).#...>...#
###..###.#§......##§§§§§.#
##..## #.# §....##§§§§§§..
...# ###.###§..##§§§§§§§..
#... #....§§§## #§§§§§§§..
###.##....##§§###§§§§§§§..
#.......###§§##§§§§§§§..
####....# ##§§#§§§§§§§..
#....# ##§@{§§§§§§..
#....# ###§§§§§§§.. #....#
#§§§§§§§.. ##.###
#§§§§§§§.. #.# #§§§§§§§).
###.# #§§§§§§§.. #...#
#§§§§§§§.. #...#
.§#§§§§§.# ### #...#


There were no monsters in sight!

Vanquished Creatures
  Pikel (D:8)
  Grinder (D:4)
  4 yaks (D:9)
  2 wyverns
  Edmund (D:5)
  Duvessa (D:7)
  A black bear (D:5)
  4 orc warriors (D:9)
  4 centaurs
  An ogre (D:5)
  A phantom (D:4)
  4 kobold brigands
  A bullfrog (D:9)
  A scorpion (D:5)
  14 wights
  Dowan (D:7)
  A howler monkey (D:7)
  3 orc priests
  A jelly (D:4)
  Crazy Yiuf (D:5)
  9 hounds
  A sleepcap (D:8)
  A gnoll bouda (D:9)
  12 orc wizards
  6 iguanas
  A mummy (D:4)
  Robin (D:4)
  7 gnolls
  7 adders
  A shadow imp (D:6)
  A white imp (D:7)
  4 ufetubi (D:6)
  2 worms (D:2)
  2 dart slugs
  36 orcs
  7 ball pythons
  6 endoplasms
  5 giant cockroaches
  18 hobgoblins
  3 jackals
  3 quokkas
  7 bats
  4 frilled lizards
  8 goblins
  18 kobolds
  5 rats
223 creatures vanquished.

Vanquished Creatures (collateral kills)
  A two-headed ogre (D:9)
  A wight (D:9)
2 creatures vanquished.

Grand Total: 225 creatures vanquished

Notes
Turn   | Place    | Note
-------+----------+-------------------------------------------
     0 | D:1      | jejorda2 the Gnoll Berserker began the quest for the Orb.
     0 | D:1      | Reached XP level 1. HP: 23/23 MP: 1/1
   217 | D:1      | Reached XP level 2. HP: 28/29 MP: 2/2
   255 | D:1      | Found a faded altar of an unknown god.
   638 | D:1      | Reached ** piety under Trog
   640 | D:1      | Reached XP level 3. HP: 35/35 MP: 3/3
   830 | D:2      | Reached skill level 1 in Invocations
  1009 | D:2      | Reached skill level 1 in Short Blades
  1009 | D:2      | Reached skill level 1 in Long Blades
  1009 | D:2      | Reached skill level 1 in Maces & Flails
  1009 | D:2      | Reached skill level 1 in Polearms
  1009 | D:2      | Reached skill level 1 in Staves
  1009 | D:2      | Reached skill level 1 in Ranged Weapons
  1009 | D:2      | Reached skill level 1 in Throwing
  1009 | D:2      | Reached skill level 1 in Stealth
  1009 | D:2      | Reached skill level 1 in Shields
  1009 | D:2      | Reached skill level 1 in Unarmed Combat
  1009 | D:2      | Reached skill level 1 in Spellcasting
  1009 | D:2      | Reached skill level 1 in Evocations
  1010 | D:2      | HP: 1/52 [gnoll/+0 halberd (17)]
  1011 | D:2      | Reached skill level 1 in Shapeshifting
  1011 | D:2      | Reached XP level 4. HP: 1/41 MP: 5/5
  1181 | D:2      | Reached skill level 1 in Conjurations
  1181 | D:2      | Reached skill level 1 in Hexes
  1181 | D:2      | Reached skill level 1 in Summonings
  1181 | D:2      | Reached skill level 1 in Necromancy
  1181 | D:2      | Reached skill level 1 in Translocations
  1181 | D:2      | Reached skill level 1 in Transmutations
  1181 | D:2      | Reached skill level 1 in Fire Magic
  1181 | D:2      | Reached skill level 1 in Ice Magic
  1181 | D:2      | Reached skill level 1 in Air Magic
  1181 | D:2      | Reached skill level 1 in Earth Magic
  1181 | D:2      | Reached skill level 1 in Poison Magic
  2224 | D:3      | Found a shimmering blue altar of Sif Muna.
  2303 | D:3      | Reached XP level 5. HP: 47/47 MP: 6/6
  2562 | D:3      | Found a shimmering altar of Xom.
  2566 | D:3      | Found a sparkling altar of Nemelex Xobeh.
  2575 | D:3      | Found an opulent altar of Gozag.
  2577 | D:3      | Found an iron altar of Okawaru.
  2932 | D:4      | Noticed Robin
  2932 | D:4      | Noticed a kobold brigand
  2955 | D:3      | Killed a kobold brigand
  2956 | D:3      | Reached skill level 5 in Armour
  2956 | D:3      | Reached skill level 5 in Dodging
  2956 | D:3      | Reached XP level 6. HP: 29/53 MP: 8/8
  3153 | D:4      | Killed Robin
  3157 | D:4      | Noticed Grinder
  3160 | D:4      | Reached *** piety under Trog
  3177 | D:4      | Killed Grinder
  3178 | D:4      | Reached XP level 7. HP: 60/60 MP: 10/10
  3239 | D:4      | Found a radiant altar of Vehumet.
  3351 | D:4      | Found a snail-covered altar of Cheibriados.
  3622 | D:5      | Entered Level 5 of the Dungeon
  3622 | D:5      | Noticed Edmund
  3636 | D:5      | Killed Edmund
  3912 | D:5      | Reached XP level 8. HP: 32/67 MP: 12/12
  4741 | D:5      | Found a runed translucent door.
  4742 | D:5      | Noticed Crazy Yiuf
  4749 | D:5      | Killed Crazy Yiuf
  4949 | D:6      | Noticed a wyvern
  4957 | D:6      | Killed a wyvern
  5116 | D:6      | Reached XP level 9. HP: 72/73 MP: 14/14
  5596 | D:6      | Found a staircase to the Ecumenical Temple.
  5808 | D:7      | Found Keidiergh's Distillery.
  5852 | D:7      | Bought a potion of heal wounds for 75 gold pieces
  5852 | D:7      | Bought a potion of might for 60 gold pieces
  5852 | D:7      | Bought a potion of curing for 45 gold pieces
  5970 | D:7      | Noticed Duvessa
  5972 | D:7      | Noticed Dowan
  5977 | D:7      | Killed Dowan
  5984 | D:7      | Killed Duvessa
  6538 | D:8      | Noticed Pikel
  6561 | D:8      | Killed Pikel
  6561 | D:8      | Reached **** piety under Trog
  6562 | D:8      | Reached skill level 5 in Invocations
  7296 | D:8      | Reached XP level 10. HP: 76/80 MP: 17/17
  7351 | D:8      | Found a glowing silver altar of Zin.
  7443 | D:9      | Noticed a two-headed ogre
  7446 | D:9      | Killed a two-headed ogre
  7447 | D:9      | Reached skill level 5 in Short Blades
  7447 | D:9      | Reached skill level 5 in Long Blades
  7447 | D:9      | Reached skill level 5 in Maces & Flails
  7447 | D:9      | Reached skill level 5 in Polearms
  7447 | D:9      | Reached skill level 5 in Staves
  7447 | D:9      | Reached skill level 5 in Ranged Weapons
  7447 | D:9      | Reached skill level 5 in Throwing
  7447 | D:9      | Reached skill level 5 in Stealth
  7447 | D:9      | Reached skill level 5 in Shields
  7447 | D:9      | Reached skill level 5 in Unarmed Combat
  7447 | D:9      | Reached skill level 5 in Spellcasting
  7447 | D:9      | Reached skill level 5 in Evocations
  7722 | D:9      | Reached skill level 5 in Shapeshifting
  8088 | D:9      | Found a staircase to the Orcish Mines.
  8138 | D:9      | Noticed Erolcha
  8164 | D:9      | Slain by Erolcha

Illustrated notes

Levels and vault maps discovered:
D:1:      ncdulo_smallfort, layout_loops_ring,
          shapermc_ecumenical_altar_totnotflames, minmay_misc_feat_roman
D:2:      minmay_skewed_foursquare, layout_basic
D:3:      layout_basic, mainiacjoe_overflow_surrounded_room,
          nicolae_overflow_macrodata_refinement
D:4:      layout_cave_pools, slow_altar_2, mainiacjoe_overflow_cross_hatched,
          uniq_grinder, uniq_robin
D:5:      layout_rooms, kennysheep_generic_room_5, uniq_edmund,
          uniq_crazy_yiuf_cottage
D:6:      layout_loops_ring, temple_hall
D:7:      layout_layer_cave, serial_shops, nicolae_shop_industrial_runoff,
          uniq_duvessa
D:8:      layout_rooms, mainiacjoe_overflow_alcove_4, minmay_misc_feat_room,
          chequers_serial_rivers_micro_b, hangedman_decor_points, uniq_pikel
D:9:      layout_rooms, david_lair_shrubbed, david_orc_4, uniq_erolcha

Skill      XL: |  1  2  3  4  5  6  7  8  9 10 |
---------------+-------------------------------+-----
Invocations    | 1 2 3 4 5 6 |  6.2
Short Blades   | 1 2 3 4 5 |  5.7
Long Blades    | 1 2 3 4 5 |  5.7
Maces & Flails | 1 2 3 4 5 |  5.7
Polearms       | 1 2 3 4 5 |  5.7
Staves         | 1 2 3 4 5 |  5.7
Ranged Weapons | 1 2 3 4 5 |  5.7
Throwing       | 1 2 3 4 5 |  5.7
Stealth        | 1 2 3 4 5 |  5.7
Shields        | 1 2 3 4 5 |  5.7
Unarmed Combat | 1 2 3 4 5 |  5.7
Spellcasting   | 1 2 3 4 5 |  5.7
Evocations     | 1 2 3 4 5 |  5.7
Shapeshifting  | 1 2 3 4 5 |  5.2
Conjurations   | 1 2 3 4 |  4.7
Hexes          | 1 2 3 4 |  4.7
Summonings     | 1 2 3 4 |  4.7
Necromancy     | 1 2 3 4 |  4.7
Translocations | 1 2 3 4 |  4.7
Transmutations | 1 2 3 4 |  4.7
Fire Magic     | 1 2 3 4 |  4.7
Ice Magic      | 1 2 3 4 |  4.7
Air Magic      | 1 2 3 4 |  4.7
Earth Magic    | 1 2 3 4 |  4.7
Poison Magic   | 1 2 3 4 |  4.7
Armour         | 5 6 7 |  7.4
Dodging        | 5 6 7 |  7.4
Fighting       | 7 8 |  8.8
Axes           | 7 8 |  8.8

Action                     |  1- 3 |  4- 6 |  7- 9 | 10-12 || total
---------------------------+-------+-------+-------+-------++-------
  Melee: Hand axe          |    89 |   152 |    66 |       ||   307
         Bite              |     7 |    19 |    42 |    14 ||    82
         Punch             |       |     3 |     7 |       ||    10
         War axe           |       |       |   155 |       ||   155
         Flail             |       |       |    26 |       ||    26
         Battleaxe         |       |       |    31 |   104 ||   135
  Throw: Dart              |       |       |       |    15 ||    15
 Invoke: Berserk           |     1 |     2 |     8 |     1 ||    12
         Trog's Hand       |       |     1 |     3 |     3 ||     7
    Use: Scroll            |       |       |    16 |     2 ||    18
         Potion            |       |       |       |     1 ||     1
   Stab: Sleeping          |     3 |     1 |       |       ||     4
 Armour: Animal skin       |    46 |     5 |       |       ||    51
         Ring mail         |       |    80 |    14 |       ||    94
         Chain mail        |       |       |   232 |       ||   232
         Plate armour      |       |       |    62 |   119 ||   181
  Dodge: Dodged            |    57 |    83 |   174 |    41 ||   355

Table legend: (Time is in decaauts)
 A = Elapsed time spent in this place.
 B = Non-inter-level travel time spent in this place.
 C = Inter-level travel time spent in this place.
 D = Time resting spent in this place.
 E = Time spent auto-exploring this place.
 F = Levels seen in this place.
 G = Mean time per level.
                   A        B        C        D        E       F      G
               +--------+--------+--------+--------+--------+-----+--------+
         Total |   8352 |   7859 |    493 |    672 |   5578 |   9 |  928.0 |
       Dungeon |   8352 |   7859 |    493 |    672 |   5578 |   9 |  928.0 |
               +--------+--------+--------+--------+--------+-----+--------+

Top non-repeatable levels by time:
     D:2: 1188 daAuts
     D:4: 1017 daAuts
     D:8: 988 daAuts
     D:6: 984 daAuts
     D:3: 982 daAuts
     D:5: 894 daAuts
     D:1: 822 daAuts
     D:9: 778 daAuts
     D:7: 696 daAuts
